[Event "Titled Tuesday Blitz April 18 Early 2023"]
[White "Leve, Nitai"]
[Black "polandchessplayer"]
[WhiteFideId "2006898"]
[WhiteElo "2144"]
[BlackElo "2671"]
[Result "0-1"]
[Round "02"]
[TimeControl "180+2"]
[Date "2023.04.18"]
[WhiteClock "0:00:09"]
[BlackClock "0:01:06"]

1. e4 c6 2. d4 d5 3. exd5 cxd5 4. c4 Nf6 5. Nc3 e6 6. Nf3 Nc6 7. cxd5 Nxd5 8. Bd3 Be7 9. Qb3 Bf6 10. O-O O-O 11. Be4 Nce7 12. Bg5 Bxg5 13. Nxg5 h6 14. Nf3 Bd7 15. Ne5 Bc6 16. Nxc6 bxc6 17. Rac1 Rb8 18. Qa3 a5 19. Bb1 Rb4 20. Rfd1 Qb6 21. Na4 Qb5 22. b3 Qe2 23. Bd3 Qg4 24. h3 Qg5 25. Nc5 Kh8 26. Kf1 Rxd4 27. Qxa5 Nf4 28. g3 Nxd3 29. Nxd3 Qxa5 0-1


[Site "https://www.chess.com"]

[Event "Titled Tuesday Blitz April 18 Early 2023"]
[White "Toropov, Pavel"]
[Black "Valle Maytin, Luis Enrique"]
[WhiteFideId "24129178"]
[BlackFideId "3503666"]
[WhiteElo "2182"]
[BlackElo "2225"]
[Result "1-0"]
[Round "02"]
[TimeControl "180+2"]
[Date "2023.04.18"]
[WhiteClock "0:00:36"]
[BlackClock "0:00:27"]

1. e4 c6 2. d4 d5 3. exd5 cxd5 4. Bd3 Nc6 5. c3 Nf6 6. h3 g6 7. Qc2 Bg7 8. Nf3 O-O 9. Bf4 a6 10. Nbd2 b5 11. a3 Na5 12. O-O Bb7 13. b4 Nc4 14. Nb3 Ne4 15. Rfe1 Ncd6 16. a4 Rc8 17. Nc5 Nxc5 18. bxc5 Nc4 19. axb5 axb5 20. Qb3 Bc6 21. Ra7 Ra8 22. Raxe7 Ra3 23. Qb4 Qa8 24. Ne5 Ra4 25. Qb1 Ra3 26. Bxc4 bxc4 27. Qb6 Ra6 28. Qb1 Rb8 29. Qc1 Rb7 30. Nxc6 1-0


[Site "https://www.chess.com"]

[Event "Titled Tuesday Blitz April 18 Early 2023"]
[White "Arias, Juan Cruz"]
[Black "Rangel, Daniel"]
[WhiteFideId "118540"]
[BlackFideId "2124475"]
[WhiteElo "2243"]
[BlackElo "2256"]
[Result "0-1"]
[Round "02"]
[TimeControl "180+2"]
[Date "2023.04.18"]
[WhiteClock "0:00:04"]
[BlackClock "0:00:01"]

1. e4 c5 2. Nc3 g6 3. d4 cxd4 4. Qxd4 Nf6 5. Bb5 Nc6 6. Bxc6 dxc6 7. Qxd8+ Kxd8 8. Bf4 Nd7 9. O-O-O Ke8 10. Nge2 e5 11. Be3 Bc5 12. Bxc5 Nxc5 13. h4 h5 14. Rd2 Be6 15. f3 Ke7 16. Rhd1 Rad8 17. Rxd8 Rxd8 18. Rxd8 Kxd8 19. Kd2 Ke7 20. a3 Bc4 21. b3 Be6 22. Ke3 a5 23. g3 b5 24. Nb1 a4 25. b4 Nd7 26. Nc1 Nb6 27. Nd2 Kd6 28. Nd3 Nd7 29. f4 f6 30. Nf3 exf4+ 31. gxf4 Bg4 32. Nd4 f5 33. Ne5 c5 34. Nxb5+ Ke7 35. Nxd7 Kxd7 36. e5 cxb4 37. axb4 Bd1 38. Na3 Kc6 39. Kd4 Bf3 40. c4 Be4 41. c5 Bd5 42. Kc3 g5 43. Kd4 gxh4 44. b5+ Kc7 45. Kxd5 h3 46. b6+ Kb7 47. c6+ Kxb6 48. Kd6 h2 49. c7 h1=Q 50. c8=Q Qd1+ 51. Ke6 Qb3+ 52. Ke7 Qxa3+ 53. Ke8 Qb3 54. e6 Kb5 55. Qd7+ Kb4 56. e7 Qg8# 0-1


[Site "https://www.chess.com"]

[Event "Titled Tuesday Blitz April 18 Early 2023"]
[White "Dwilewicz, Katarzyna"]
[Black "Horobetz, Graham"]
[WhiteFideId "1148486"]
[BlackFideId "2047322"]
[WhiteElo "2065"]
[BlackElo "2617"]
[Result "0-1"]
[Round "02"]
[TimeControl "180+2"]
[Date "2023.04.18"]
[WhiteClock "0:00:09"]
[BlackClock "0:00:20"]

1. e4 c5 2. Nc3 g6 3. g3 Bg7 4. Bg2 Nc6 5. Nge2 d6 6. O-O e6 7. d3 Nge7 8. Be3 Nd4 9. f4 O-O 10. Qd2 Rb8 11. a4 b6 12. h3 a6 13. Kh2 b5 14. axb5 axb5 15. Ra2 b4 16. Nd1 Nxc2 17. Bg1 Nd4 18. Nxd4 cxd4 19. Ra4 Qb6 20. b3 Bd7 21. Ra1 Rfc8 22. Nb2 Rc3 23. Nc4 Qc7 24. Rab1 d5 25. Ne5 dxe4 26. Bxd4 e3 27. Qxe3 Nf5 28. Qg1 Rc2 29. Rbc1 Rc8 30. Rxc2 Qxc2 31. Nxd7 Bxd4 32. Qh1 Bf2 33. Nf6+ Kg7 34. Ne4 Bd4 35. Rf3 Qxb3 36. Qe1 Rc2 37. g4 Qb2 38. Qf1 Nh4 39. Rg3 Rc1 0-1


[Site "https://www.chess.com"]

[Event "Titled Tuesday Blitz April 18 Early 2023"]
[White "Trakru, Rohun"]
[Black "Kula, Robert"]
[WhiteFideId "2097613"]
[BlackFideId "1101218"]
[WhiteElo "1852"]
[BlackElo "2180"]
[Result "1-0"]
[Round "02"]
[TimeControl "180+2"]
[Date "2023.04.18"]
[WhiteClock "0:00:48"]
[BlackClock "0:01:24"]

1. a3 e5 2. c4 Nf6 3. Nc3 b6 4. Nf3 Bb7 5. Nxe5 d5 6. cxd5 Nxd5 7. Qb3 Qe7 8. d4 Nxc3 9. bxc3 f6 10. Nf3 Nd7 11. e3 O-O-O 12. a4 a5 13. Bd3 g5 14. Ba3 Qg7 15. Bxf8 Rhxf8 16. Bf5 Kb8 17. Qb5 h5 18. Rg1 h4 19. c4 h3 20. c5 hxg2 21. c6 Ne5 22. dxe5 fxe5 23. cxb7 e4 24. Nd4 Kxb7 25. Bxe4+ Ka7 26. Nc6+ Kb7 27. Nxd8+ Kc8 28. Rd1 Qc3+ 29. Ke2 Rxd8 30. Qa6+ Kb8 31. Rxd8# 1-0


[Site "https://www.chess.com"]

[Event "Titled Tuesday Blitz April 18 Early 2023"]
[White "Shevtchenko, Olesya"]
[Black "Van Dael, Siem"]
[WhiteFideId "24131890"]
[BlackFideId "1049771"]
[WhiteElo "2003"]
[BlackElo "2336"]
[Result "1-0"]
[Round "02"]
[TimeControl "180+2"]
[Date "2023.04.18"]
[WhiteClock "0:00:18"]
[BlackClock "0:00:01"]

1. e4 f6 2. d4 c6 3. Nc3 Qa5 4. Be3 Kd8 5. h4 Qb4 6. Qd2 Qxb2 7. Rb1 Qa3 8. Bc4 b5 9. Bb3 a5 10. d5 a4 11. dxc6 axb3 12. c7+ Ke8 13. cxb8=Q Rxb8 14. Rxb3 Qa5 15. a4 b4 16. Nd5 e6 17. Nf4 Qxa4 18. Nge2 Qa1+ 19. Nc1 Ba6 20. Nd3 Bc4 21. Rb2 b3 22. O-O Ba3 23. Nxb3 Qxf1+ 24. Kxf1 Bxb2 25. Na5 Ba6 26. c4 Be5 27. Nxe5 fxe5 28. Qd6 Ra8 29. Bc5 Kf7 30. Qxd7+ Kf6 31. Qc6 Nh6 32. f3 Rhc8 33. Qd6 Ng8 34. Nc6 Bxc4+ 35. Kf2 Ra6 36. Qxe5+ Kf7 37. Qf4+ Nf6 38. Ne5+ Kg8 39. Be7 Ra2+ 40. Kg1 Bf1 41. Bxf6 1-0


[Site "https://www.chess.com"]

[Event "Titled Tuesday Blitz April 18 Early 2023"]
[White "Hirneise, Jens"]
[Black "mohsengabr2002"]
[WhiteFideId "24614734"]
[WhiteElo "2345"]
[BlackElo "2364"]
[Result "1-0"]
[Round "02"]
[TimeControl "180+2"]
[Date "2023.04.18"]
[WhiteClock "0:01:27"]
[BlackClock "0:02:06"]

1. c4 f6 2. e3 g6 3. Nc3 Nh6 4. d4 Nf7 5. h4 Bg7 6. h5 g5 7. Bd3 h6 8. Nge2 e6 9. g4 d6 10. Ng3 c6 11. d5 exd5 12. cxd5 c5 13. Bf5 Nd7 14. Qc2 a6 15. Be6 b5 16. Nf5 Bf8 17. Ne4 Nde5 18. Qd1 Be7 19. f4 Nd7 20. O-O Nf8 21. Ng7# 1-0


[Site "https://www.chess.com"]

[Event "Titled Tuesday Blitz April 18 Early 2023"]
[White "Ansh M Shah"]
[Black "Fiorito, Francisco"]
[WhiteFideId "25033379"]
[BlackFideId "180165"]
[WhiteElo "2084"]
[BlackElo "2341"]
[Result "1-0"]
[Round "02"]
[TimeControl "180+2"]
[Date "2023.04.18"]
[WhiteClock "0:00:09"]
[BlackClock "0:00:28"]

1. d4 Nf6 2. c4 b6 3. Nc3 Bb7 4. f3 d5 5. cxd5 Nxd5 6. e4 Nxc3 7. bxc3 e6 8. Bc4 c5 9. Ne2 cxd4 10. cxd4 Be7 11. O-O O-O 12. Be3 Nc6 13. Qd2 Rc8 14. Rac1 Na5 15. Bb5 a6 16. Bd3 Qd7 17. Rfd1 Ba3 18. Rb1 Qc7 19. d5 b5 20. dxe6 fxe6 21. Nd4 Rfe8 22. Nb3 Nc4 23. Bxc4 bxc4 24. Nd4 c3 25. Qc2 Ba8 26. Rb3 Bb2 27. Ne2 Qa5 28. Bd4 Red8 29. Bxc3 Rxd1+ 30. Qxd1 Bxc3 31. Nxc3 Rxc3 32. Rb8+ Kf7 33. Qd7+ Kg6 34. Qxe6+ Kh5 35. Qh3+ Kg6 36. Qg3+ Qg5 37. Qxg5+ Kxg5 38. Rxa8 Rc1+ 39. Kf2 Rc2+ 40. Kg3 Rxa2 41. Ra7 g6 42. h4+ Kh6 43. Kh3 g5 44. hxg5+ Kxg5 45. Rxh7 a5 46. Ra7 a4 47. Kg3 a3 48. Ra5+ Kf6 49. Kf4 Ke6 50. g4 Kf6 51. g5+ Kg6 52. Ra6+ Kg7 53. Kf5 Ra1 54. f4 a2 55. e5 Kg8 56. Ra8+ Kg7 57. Ra7+ Kg8 58. Kg6 Kf8 59. f5 Ke8 60. f6 Kf8 61. e6 Rd1 62. Ra8+ Rd8 63. Rxd8# 1-0


[Site "https://www.chess.com"]

[Event "Titled Tuesday Blitz April 18 Early 2023"]
[White "Vlassov, Nikolai"]
[Black "Pavlidou, Ekaterini"]
[WhiteFideId "4103360"]
[BlackFideId "4213262"]
[WhiteElo "2324"]
[BlackElo "2126"]
[Result "1-0"]
[Round "02"]
[TimeControl "180+2"]
[Date "2023.04.18"]
[WhiteClock "0:00:10"]
[BlackClock "0:00:15"]

1. e4 c5 2. c3 g6 3. d4 cxd4 4. cxd4 d5 5. e5 Bg7 6. Nc3 Nc6 7. Bf4 a6 8. Qd2 f6 9. Nf3 Bg4 10. Be2 Bxf3 11. Bxf3 e6 12. exf6 Qxf6 13. O-O Nxd4 14. Bxd5 Ne7 15. Bxb7 Rd8 16. Bg5 Qf5 17. Qf4 Qc5 18. Bxa6 Rf8 19. Qh4 Nef5 20. Qxh7 Kf7 21. Bxd8 Rh8 22. Ne4 Qe5 23. Ng5+ Kf8 24. Rae1 Qb8 25. Qxh8+ Bxh8 26. Ba5 Be5 27. h3 Bh2+ 28. Kh1 Bf4 29. Nxe6+ Nxe6 30. Rxe6 Nd4 31. Rxg6 Qe8 32. Rf6+ Kg7 33. Rxf4 Qe5 34. Rg4+ Kf6 35. Bc3 Kf5 36. Bxd4 Qa5 37. Bd3+ Ke6 38. Rg6+ Kf7 39. Rg7+ Kf8 40. Rc1 Qa8 41. Be4 Qd8 42. Be5 Qe8 43. f4 Qxe5 44. fxe5 Kxg7 45. Rc6 Kf7 46. b4 Ke7 47. b5 Kd7 48. b6 Kd8 49. b7 Kd7 50. b8=Q Ke7 51. Qd6+ Ke8 52. Rc8+ 1-0


[Site "https://www.chess.com"]

[Event "Titled Tuesday Blitz April 18 Early 2023"]
[White "Hoffmann, Asa"]
[Black "Bayramov, Zaur"]
[WhiteFideId "2001470"]
[BlackFideId "13405080"]
[WhiteElo "2117"]
[BlackElo "2195"]
[Result "1-0"]
[Round "02"]
[TimeControl "180+2"]
[Date "2023.04.18"]
[WhiteClock "0:01:18"]
[BlackClock "0:00:29"]

1. d4 Nf6 2. Bg5 e6 3. Nd2 d5 4. e3 c5 5. c3 Nc6 6. f4 Be7 7. Bd3 h6 8. Bh4 g5 9. Bg3 gxf4 10. Bxf4 Bd6 11. Ne2 Bxf4 12. Nxf4 Bd7 13. O-O Qe7 14. Qf3 O-O-O 15. Ng6 fxg6 16. Qxf6 Qd6 17. Bxg6 Rdf8 18. Qh4 e5 19. Bh5 cxd4 20. cxd4 exd4 21. exd4 Rxf1+ 22. Rxf1 Rg8 23. Nf3 Rf8 24. Bg4 Rf4 25. Bxd7+ Kxd7 26. Qh3+ Kc7 27. Rc1 Kb8 28. Qg3 Qf6 29. Ne5 Nxe5 30. dxe5 Qf8 31. e6 1-0


[Site "https://www.chess.com"]

[Event "Titled Tuesday Blitz April 18 Early 2023"]
[White "Sousa, Andre Ventura"]
[Black "Szente Varga, Fruzsina"]
[WhiteFideId "1917617"]
[BlackFideId "712264"]
[WhiteElo "2348"]
[BlackElo "1994"]
[Result "0-1"]
[Round "02"]
[TimeControl "180+2"]
[Date "2023.04.18"]
[WhiteClock "0:01:34"]
[BlackClock "0:01:13"]

1. e4 e5 2. Nf3 Nc6 3. Bb5 a6 4. Ba4 Nf6 5. O-O Be7 6. d3 b5 7. Bb3 O-O 8. Nc3 d6 9. a3 Be6 10. Nd5 Qd7 11. c3 Na5 12. Ba2 Nxd5 13. exd5 Bg4 14. h3 Bh5 15. b4 Nb7 16. Qe2 f5 17. Nxe5 Bxe2 18. Nxd7 Rf7 19. Re1 Bxd3 20. Nc5 dxc5 21. d6 Bxd6 0-1


[Site "https://www.chess.com"]

[Event "Titled Tuesday Blitz April 18 Early 2023"]
[White "Yayloyan, Konstantin"]
[Black "Krsnik Cohar, Ivan Vihor"]
[WhiteFideId "13307088"]
[BlackFideId "14520044"]
[WhiteElo "2190"]
[BlackElo "2414"]
[Result "0-1"]
[Round "02"]
[TimeControl "180+2"]
[Date "2023.04.18"]
[WhiteClock "0:01:48"]
[BlackClock "0:00:54"]

1. e4 c5 2. Nf3 g6 3. d4 cxd4 4. Nxd4 Nf6 5. e5 Nd5 6. c4 Nc7 7. Nc3 Bg7 8. Bf4 O-O 9. Be2 Nc6 10. Nxc6 dxc6 11. O-O Ne6 12. Bg3 Qc7 13. f4 Qb6+ 14. Kh1 Qxb2 15. Ne4 Rd8 16. Qe1 Nd4 17. Rf2 Nc2 18. Rb1 Qd4 19. Qc1 Qxe4 20. Bf3 Qd4 21. Rxc2 Bf5 22. Rxb7 Bxc2 23. Qxc2 Rab8 24. Rxb8 Rxb8 25. h3 Rb2 26. Qa4 Rb1+ 27. Be1 Rxe1+ 28. Kh2 Qxf4+ 29. g3 Qxf3 30. Qxc6 Rh1# 0-1


[Site "https://www.chess.com"]

[Event "Titled Tuesday Blitz April 18 Early 2023"]
[White "Osinenko, Anton"]
[Black "Fuzesabonyilaci"]
[WhiteFideId "4158970"]
[WhiteElo "2294"]
[BlackElo "2336"]
[Result "1-0"]
[Round "02"]
[TimeControl "180+2"]
[Date "2023.04.18"]
[WhiteClock "0:01:03"]
[BlackClock "0:00:25"]

1. e4 e5 2. Nf3 Nc6 3. c3 d5 4. Qa4 f6 5. d3 Be6 6. Be2 Bc5 7. b4 Bb6 8. O-O Ne7 9. b5 Nb8 10. Nbd2 Nd7 11. d4 exd4 12. cxd4 dxe4 13. Nxe4 O-O 14. Re1 Re8 15. Bc4 Nf8 16. Bxe6+ Nxe6 17. Nxf6+ gxf6 18. Rxe6 Nd5 19. Rxe8+ Qxe8 20. Qc4 Qf7 21. Bd2 a6 22. bxa6 Rxa6 23. Re1 Ne7 24. d5 Qxd5 25. Qg4+ Ng6 26. Bh6 Rxa2 27. Qc8+ 1-0


[Site "https://www.chess.com"]

[Event "Titled Tuesday Blitz April 18 Early 2023"]
[White "Derichs, Roger"]
[Black "Postnikov, Daniil"]
[WhiteFideId "4630076"]
[BlackFideId "4166329"]
[WhiteElo "2336"]
[BlackElo "2261"]
[Result "0-1"]
[Round "02"]
[TimeControl "180+2"]
[Date "2023.04.18"]
[WhiteClock "0:00:11"]
[BlackClock "0:00:36"]

1. d4 f5 2. Bf4 Nf6 3. e3 d6 4. Bd3 g6 5. h4 Bg7 6. h5 Nd5 7. hxg6 Nxf4 8. exf4 hxg6 9. Rxh8+ Bxh8 10. Nf3 Nc6 11. c3 e5 12. fxe5 dxe5 13. dxe5 Nxe5 14. Nxe5 Bxe5 15. Qe2 Qe7 16. Nd2 Bf6 17. Qxe7+ Kxe7 18. O-O-O Bd7 19. Rh1 Rd8 20. Kc2 Kf7 21. f4 Kg7 22. Nf3 Bc6 23. Rh2 Re8 24. Kd2 a5 25. Ng5 Bxg5 26. fxg5 Be4 27. Be2 a4 28. g3 a3 29. b3 c6 30. c4 Bb1 31. Kc3 Re3+ 32. Kb4 Rxg3 33. Kxa3 Rxg5 34. Kb4 f4 35. a4 Re5 36. Kc3 Re3+ 37. Kb2 Bf5 38. b4 f3 39. Bf1 g5 40. b5 c5 41. a5 g4 42. Rh5 Kg6 43. Rh8 Re7 44. Rg8+ Kf7 45. Rg5 Kf6 46. Rg8 Ke5 47. Kc3 Kf4 48. Kd2 g3 49. a6 bxa6 50. bxa6 Ra7 51. Bd3 Bxd3 52. Kxd3 Rxa6 0-1


[Site "https://www.chess.com"]

[Event "Titled Tuesday Blitz April 18 Early 2023"]
[White "Cnejev, Vladimir-Alexandru"]
[Black "crosky"]
[WhiteFideId "1260898"]
[WhiteElo "2132"]
[BlackElo "2336"]
[Result "0-1"]
[Round "02"]
[TimeControl "180+2"]
[Date "2023.04.18"]
[WhiteClock "0:00:01"]
[BlackClock "0:00:18"]

1. e4 c6 2. d4 d5 3. exd5 cxd5 4. Bd3 Nc6 5. c3 Qc7 6. h3 e6 7. Nf3 Bd6 8. O-O Nge7 9. Re1 O-O 10. Qe2 f6 11. Nbd2 e5 12. dxe5 fxe5 13. Ng5 e4 14. Ndxe4 dxe4 15. Bc4+ Kh8 16. Nxh7 Rf3 17. gxf3 Kxh7 18. fxe4 Qa5 19. b4 Qe5 20. f4 Bc5+ 21. bxc5 Qxc5+ 22. Be3 Bg4 23. Bxc5 Bxe2 24. Rxe2 Ng6 25. Rf1 Rc8 26. Be3 Nh4 27. Bd5 Ne7 28. f5 Rxc3 29. Kh2 b6 30. Bg5 Nxd5 31. Bxh4 Ne3 0-1


[Site "https://www.chess.com"]

[Event "Titled Tuesday Blitz April 18 Early 2023"]
[White "Mushini Ajay"]
[Black "Milchev, Nikolay"]
[WhiteFideId "35066188"]
[BlackFideId "2906090"]
[WhiteElo "2145"]
[BlackElo "2449"]
[Result "0-1"]
[Round "02"]
[TimeControl "180+2"]
[Date "2023.04.18"]
[WhiteClock "0:02:14"]
[BlackClock "0:02:20"]

1. e4 e5 2. Nf3 Nc6 3. Bc4 Nf6 4. d3 h6 5. Nc3 d6 6. a3 g6 7. Nd5 Bg7 8. h3 Nxd5 9. Bxd5 Ne7 10. Bb3 c6 11. O-O O-O 12. Re1 Kh7 13. c3 f5 14. d4 fxe4 15. Rxe4 Bf5 16. Re1 e4 17. Nh4 d5 18. Nxf5 Nxf5 19. Bf4 Qh4 20. Qg4 Qd8 21. Be5 h5 22. Qe2 Bxe5 23. dxe5 Qg5 24. f3 exf3 25. Qxf3 Nh4 26. Qe2 Rae8 27. e6 Rxe6 28. Qc2 Nf3+ 0-1


[Site "https://www.chess.com"]

[Event "Titled Tuesday Blitz April 18 Early 2023"]
[White "Lehtosaari, Mauri"]
[Black "kuanysh1981"]
[WhiteFideId "501999"]
[WhiteElo "2513"]
[BlackElo "2331"]
[Result "0-1"]
[Round "02"]
[TimeControl "180+2"]
[Date "2023.04.18"]
[WhiteClock "0:00:04"]
[BlackClock "0:00:27"]

1. d4 Nf6 2. Nf3 e6 3. Bg5 b6 4. Nbd2 h6 5. Bh4 Bb7 6. e3 d5 7. Bd3 Be7 8. c3 O-O 9. O-O Ne4 10. Bxe7 Qxe7 11. Ne5 Nd7 12. Ndf3 Ndf6 13. a4 a6 14. h3 Nd6 15. Re1 c5 16. Bc2 Nfe4 17. Nd2 Rfd8 18. Nxe4 dxe4 19. Qg4 Rac8 20. Red1 cxd4 21. exd4 f5 22. Qh5 Bd5 23. Re1 Qf6 24. Bd1 Rc7 25. Be2 b5 26. axb5 axb5 27. Ra6 Nc4 28. Bxc4 bxc4 29. Rea1 Rb7 30. Ra8 Rxb2 31. Rxd8+ Qxd8 32. Qf7+ Kh7 33. Ra7 Qg5 34. Ra1 e3 35. g4 exf2+ 36. Kf1 fxg4 37. h4 Qf5 38. Qxf5+ exf5 39. h5 g3 40. Nf3 Bxf3 0-1


[Site "https://www.chess.com"]

[Event "Titled Tuesday Blitz April 18 Early 2023"]
[White "Degenbaev, Aziz"]
[Black "Bogaudinov, Rushan"]
[WhiteFideId "13802640"]
[BlackFideId "4129288"]
[WhiteElo "2152"]
[BlackElo "1967"]
[Result "0-1"]
[Round "02"]
[TimeControl "180+2"]
[Date "2023.04.18"]
[WhiteClock "0:00:34"]
[BlackClock "0:01:43"]

1. e4 c5 2. Nf3 Nc6 3. Bb5 Qb6 4. Nc3 a6 5. Bxc6 Qxc6 6. d4 cxd4 7. Nxd4 Qc7 8. O-O e6 9. f4 b5 10. f5 Bb7 11. a3 Nf6 12. Qd3 Bc5 13. Kh1 Ng4 14. Nf3 exf5 15. exf5 Bxf3 16. Bf4 Qxf4 17. Rae1+ Kf8 0-1


[Site "https://www.chess.com"]

[Event "Titled Tuesday Blitz April 18 Early 2023"]
[White "Rodriguez Santiago, Jaime"]
[Black "Petukhov, Dmitry"]
[WhiteFideId "3100898"]
[BlackFideId "4142748"]
[WhiteElo "2025"]
[BlackElo "2311"]
[Result "1-0"]
[Round "02"]
[TimeControl "180+2"]
[Date "2023.04.18"]
[WhiteClock "0:00:12"]
[BlackClock "0:00:04"]

1. c4 e5 2. Nc3 Nf6 3. g3 h5 4. h3 Nc6 5. Bg2 d6 6. e4 Be6 7. d3 Be7 8. Nge2 Nd4 9. Nxd4 exd4 10. Ne2 c5 11. f4 g6 12. O-O Qc8 13. Kh2 a6 14. f5 gxf5 15. Bg5 Ng4+ 16. hxg4 hxg4+ 17. Bh4 fxe4 18. Bxe4 Bxh4 19. gxh4 Rxh4+ 20. Kg2 g3 21. Nf4 Bh3+ 22. Kxg3 Rh6 23. Rh1 f5 24. Bd5 Qd7 25. Rxh3 Qg7+ 26. Kh2 O-O-O 27. Qg1 Qe5 28. Qg3 Rxh3+ 29. Kxh3 Rh8+ 30. Kg2 Rh7 31. Re1 Qf6 32. Re6 Qf8 33. Rg6 Kc7 34. Rg8 Qf6 35. Ne6+ Kb6 36. Nf4 Qh6 37. Kf3 Qh1+ 38. Qg2 Qd1+ 39. Qe2 Qh1+ 40. Rg2 Rh4 41. Qc2 Qf1+ 42. Rf2 Qh1+ 43. Ke2 Qg1 44. Qb3+ Ka5 45. Qxb7 Qc1 46. Qc7+ Ka4 47. Bc6+ Kb4 48. Qb6# 1-0


[Site "https://www.chess.com"]

[Event "Titled Tuesday Blitz April 18 Early 2023"]
[White "Palczert, Matyas"]
[Black "Andersson, Bjorn 1971"]
[WhiteFideId "784958"]
[BlackFideId "1702114"]
[WhiteElo "2224"]
[BlackElo "2176"]
[Result "0-1"]
[Round "02"]
[TimeControl "180+2"]
[Date "2023.04.18"]
[WhiteClock "0:00:13"]
[BlackClock "0:00:11"]

1. e4 c5 2. Nf3 Nc6 3. d4 cxd4 4. Nxd4 Nf6 5. Nc3 e5 6. Ndb5 d6 7. Nd5 Nxd5 8. exd5 Ne7 9. c4 Ng6 10. h4 h5 11. g3 a6 12. Nc3 f5 13. Be2 Qf6 14. Bg5 Qf7 15. Bxh5 Be7 16. c5 dxc5 17. d6 Bf6 18. Nd5 Be6 19. Bxf6 gxf6 20. Ne7 Rh6 21. Nxg6 Rxg6 22. d7+ Bxd7 23. Qd6 O-O-O 24. Bxg6 Qxg6 25. Rd1 Qg4 26. Qxc5+ Kb8 27. Qe7 Qe4+ 28. Kd2 Rc8 29. Qd6+ Ka8 30. Rc1 Bc6 31. Rhe1 Qf3 32. Qc5 Rd8+ 33. Kc2 Qd3# 0-1


[Site "https://www.chess.com"]

[Event "Titled Tuesday Blitz April 18 Early 2023"]
[White "Vafin, Ayrat"]
[Black "Skaric, Djuro"]
[WhiteFideId "4146530"]
[BlackFideId "934569"]
[WhiteElo "2317"]
[BlackElo "2282"]
[Result "0-1"]
[Round "02"]
[TimeControl "180+2"]
[Date "2023.04.18"]
[WhiteClock "0:00:14"]
[BlackClock "0:00:52"]

1. d4 d6 2. Bf4 g6 3. e3 Bg7 4. Nf3 Nf6 5. h4 h6 6. c4 Nc6 7. Nc3 O-O 8. d5 Nb8 9. Bd3 e5 10. dxe6 Bxe6 11. Qc2 Nc6 12. a3 Nh5 13. O-O-O Qd7 14. Nd5 a5 15. Be4 a4 16. Bh2 Na5 17. Kb1 Ra6 18. Nd4 Bxd5 19. Bxd5 Rb6 20. Bf3 Nf6 21. g4 c5 22. Nb5 Rxb5 23. cxb5 Qxb5 24. Bxd6 Rc8 25. Be5 Nc4 26. Qc3 Nxe5 27. Qxe5 Ne8 28. Qxg7+ Nxg7 29. Rd2 c4 30. Kc1 c3 31. bxc3 Rxc3+ 32. Rc2 Qb3 33. Rxc3 Qxc3+ 34. Kb1 Qxa3 35. Rc1 Qb3+ 36. Ka1 a3 37. Rb1 Qc3+ 38. Ka2 Qd2+ 39. Kxa3 Qxf2 40. Bxb7 Qxe3+ 41. Rb3 Qe7+ 42. Rb4 Ne6 43. h5 g5 44. Be4 Kg7 45. Kb3 Nc5+ 0-1


[Site "https://www.chess.com"]

[Event "Titled Tuesday Blitz April 18 Early 2023"]
[White "Pesotskiy, Mikhail"]
[Black "Fiedorek, Michal"]
[WhiteFideId "34164453"]
[BlackFideId "1199528"]
[WhiteElo "2131"]
[BlackElo "2135"]
[Result "0-1"]
[Round "02"]
[TimeControl "180+2"]
[Date "2023.04.18"]
[WhiteClock "0:00:18"]
[BlackClock "0:00:12"]

1. d4 Nf6 2. c4 g6 3. Nc3 Bg7 4. e4 d6 5. f3 O-O 6. Be3 e5 7. d5 c6 8. Qd2 cxd5 9. cxd5 Nbd7 10. Bd3 Nc5 11. Bc2 Nh5 12. Nge2 f5 13. exf5 gxf5 14. O-O b6 15. b4 Nd7 16. f4 exf4 17. Nxf4 Nxf4 18. Bxf4 Ne5 19. Rae1 Bd7 20. Ne2 Rc8 21. Nd4 Qc7 22. Bb3 Nc4 23. Qf2 b5 24. Re7 Qb6 25. Rd1 Rf7 26. Rxf7 Kxf7 27. Ne6 Qxf2+ 28. Kxf2 Bc3 29. Bxc4 Rxc4 30. Bxd6 Bxe6 31. dxe6+ Kxe6 32. a3 Bd4+ 33. Rxd4 Rxd4 34. Bc5 Rd7 35. Kf3 Kd5 36. Kf4 Rf7 37. g3 a6 38. h4 Kc4 39. Ke5 Kb3 40. Ke6 Rg7 41. Bd6 Rg6+ 42. Ke5 Kxa3 43. h5 Rxg3 44. Kxf5 Rd3 45. Be7 Ka4 46. Kg5 Rd7 47. Bc5 a5 48. bxa5 Kxa5 49. Kh6 b4 50. Bd4 Rxd4 51. Kxh7 Rh4 52. h6 b3 53. Kg6 b2 54. h7 0-1


[Site "https://www.chess.com"]

[Event "Titled Tuesday Blitz April 18 Early 2023"]
[White "Novikov, Evgenij"]
[Black "Ng, Gary"]
[WhiteFideId "4125380"]
[BlackFideId "2604914"]
[WhiteElo "2242"]
[BlackElo "2323"]
[Result "1-0"]
[Round "02"]
[TimeControl "180+2"]
[Date "2023.04.18"]
[WhiteClock "0:00:02"]
[BlackClock "0:00:01"]

1. d4 Nf6 2. Nf3 e6 3. c4 b6 4. g3 Ba6 5. Qc2 c5 6. dxc5 Bxc5 7. Bg2 Bb7 8. O-O O-O 9. Nc3 Nc6 10. Rd1 h6 11. Bf4 d5 12. cxd5 exd5 13. a3 Re8 14. b4 Bf8 15. Qb2 Qd7 16. Rd2 Rad8 17. Rad1 Qf5 18. Nd4 Nxd4 19. Rxd4 g5 20. Bc1 Bg7 21. Qd2 Ng4 22. f3 Bxd4+ 23. Qxd4 Nf6 24. Bb2 Rc8 25. Nb5 Re6 26. Rd2 Rc4 27. Qf2 Rc2 28. Rxc2 Qxc2 29. Qd4 Qb1+ 30. Bf1 a6 31. Nc7 Rc6 32. Ne8 Kf8 33. Nxf6 Rc2 34. Nh7+ Ke7 35. Qf6+ Ke8 36. Qh8+ Kd7 37. Bf6 Kc6 38. Qe8+ Kc7 39. Bd8+ Kd6 40. Qe7+ Kc6 41. Qe8+ Kd6 42. Be7+ Kc7 43. Qd8+ Kc6 44. Qe8+ Kc7 45. Bd8+ 1-0


[Site "https://www.chess.com"]

[Event "Titled Tuesday Blitz April 18 Early 2023"]
[White "DeyanKostov"]
[Black "Sowul, Bartosz"]
[BlackFideId "1137590"]
[WhiteElo "2321"]
[BlackElo "2188"]
[Result "0-1"]
[Round "02"]
[TimeControl "180+2"]
[Date "2023.04.18"]
[WhiteClock "0:01:13"]
[BlackClock "0:01:05"]

1. d4 Nf6 2. c4 c5 3. d5 b5 4. Qc2 b4 5. e4 d6 6. Nf3 Nbd7 7. Bd3 g6 8. O-O Bg7 9. a3 O-O 10. h3 a5 11. Be3 e5 12. Nbd2 Nh5 13. g3 Nb6 14. Kg2 f5 15. Bg5 Qc7 16. Nb3 a4 17. Nc1 h6 18. Bd2 b3 19. Qc3 f4 20. g4 Qd7 21. Ne2 Nf6 22. Nh2 h5 23. f3 Nh7 24. Rh1 Ng5 25. Rag1 hxg4 26. hxg4 Kf7 27. Kf1 Rh8 28. Ke1 Rxh2 29. Rxh2 Nxf3+ 30. Kd1 Nxh2 31. g5 Nf3 32. Rg2 Qh3 33. Rf2 Qh1+ 34. Be1 Nxe1 35. Qxe1 Qxe1+ 36. Kxe1 Ba6 0-1


[Site "https://www.chess.com"]

[Event "Titled Tuesday Blitz April 18 Early 2023"]
[White "Bagrationi, Alexander"]
[Black "ibove"]
[WhiteFideId "14104954"]
[WhiteElo "2398"]
[BlackElo "2321"]
[Result "1-0"]
[Round "02"]
[TimeControl "180+2"]
[Date "2023.04.18"]
[WhiteClock "0:00:12"]
[BlackClock "0:00:19"]

1. d4 Nf6 2. c4 g6 3. Nc3 Bg7 4. e4 d6 5. h3 a6 6. g4 O-O 7. Nge2 b5 8. Ng3 b4 9. Nb1 c5 10. d5 e6 11. Bg2 exd5 12. cxd5 Re8 13. O-O Nbd7 14. Nd2 a5 15. a4 Ba6 16. Re1 c4 17. Bf1 Rc8 18. Nb3 Ne5 19. Nd4 Nd3 20. Bxd3 cxd3 21. Nc6 Qb6 22. Be3 Qc7 23. Bd4 Nd7 24. Bxg7 Kxg7 25. Qd2 Nc5 26. Qg5 Nd7 27. Nf5+ Kh8 28. Nh6 Rf8 29. Rac1 Qb6 30. Qe7 Nc5 31. Nxf7+ Rxf7 32. Qxf7 Rc7 33. Qf8# 1-0


[Site "https://www.chess.com"]